 Dungeon Crawl Stone Soup version 0.21-a0-352-g5b8f553 (webtiles) character file.

1018 kidcy the Charmwright (level 8, -1/63 HPs)
             Began as a Gnoll Skald on Oct 10, 2017.
             Slain by a gnoll
             ... wielding a +0 club
              (3 damage)
             ... on level 5 of the Dungeon.
             The game lasted 00:10:27 (4166 turns).

kidcy the Charmwright (Gnoll Skald)                 Turns: 4166, Time: 00:10:28

Health: -1/63      AC:  8    Str: 17 (18) XL:     8   Next: 22%
Magic:  22/25      EV: 14    Int: 17 (18) God:
Gold:   245        SH:  0    Dex: 14 (15) Spells: 7/18 levels left

rFire    . . .     SeeInvis .   g - +5 whip
rCold    + . .     Gourm    .   (no shield)
rNeg     . . .     Faith    .   l - +1 ring mail
rPois    .         Spirit   .   (no helmet)
rElec    .         Reflect  .   (no cloak)
rCorr    .         Harm     .   (no gloves)
MR       .....                  B - +0 pair of boots
Stlth    ++........             (no amulet)
HPRegen  1.20/turn              a - ring of magical power
MPRegen  0.19/turn              t - ring of protection from cold

@: mighty, lethally poisoned (-1 -> -7), regenerating, hasted, very quick
A: distributed training, fangs 1, strong nose
a: no special abilities


You were on level 5 of the Dungeon.
You were not hungry.

You visited 1 branch of the dungeon, and saw 5 of its levels.
You also visited: Sewer.

You collected 245 gold pieces.

Inventory:

Hand Weapons
 g - a +5 whip (weapon)
 w - a +1 mace of holy wrath
Missiles
 E - 2 poisoned javelins (quivered)
Armour
 l - a +1 ring mail (worn)
 A - a +0 buckler
 B - a +0 pair of boots (worn)
Jewellery
 a - a ring of magical power (left hand)
 r - an uncursed ring of fire
 t - a ring of protection from cold (right hand)
Wands
 o - a wand of random effects (1/48)
Scrolls
 i - 2 scrolls of enchant weapon
 y - 3 scrolls of identify
 F - a scroll of remove curse
Potions
 h - 2 potions of mutation
 j - 3 potions of flight
 D - 2 potions of lignification {unknown}
Books
 c - a book of Battle

   Spells                             Type                      Level
   a - Infusion                       Charms                       1
   b - Shroud of Golubria             Charms/Translocation         2
   c - Song of Slaying                Charms                       2
   d - Spectral Weapon                Hexes/Charms                 3
   e - Regeneration                   Charms/Necromancy            3
 m - a book of Cantrips

   Spells                             Type                      Level
   a - Confusing Touch                Hexes                        1
   b - Animate Skeleton               Necromancy                   1
   c - Summon Small Mammal            Summoning                    1
   d - Apportation                    Translocation                1
Comestibles
 b - 2 fruits
 d - 3 bread rations
 f - 4 chunks of flesh
 k - 2 royal jellies
 v - 2 meat rations


   Skills:
 + Level 5.5 Fighting
 + Level 3.0 Short Blades
 + Level 3.0 Long Blades
 + Level 3.0 Axes
 + Level 5.5 Maces & Flails
 + Level 3.0 Polearms
 + Level 3.0 Staves
 + Level 3.0 Slings
 + Level 3.0 Bows
 + Level 3.0 Crossbows
 + Level 3.0 Throwing
 + Level 4.0 Armour
 + Level 5.5 Dodging
 + Level 3.0 Stealth
 + Level 3.0 Shields
 + Level 3.0 Unarmed Combat
 + Level 5.9 Spellcasting
 + Level 3.0 Conjurations
 + Level 3.0 Hexes
 + Level 7.2 Charms
 + Level 3.0 Summonings
 + Level 3.0 Necromancy
 + Level 3.0 Translocations
 + Level 3.0 Transmutations
 + Level 3.0 Fire Magic
 + Level 3.0 Ice Magic
 + Level 3.0 Air Magic
 + Level 3.0 Earth Magic
 + Level 3.0 Poison Magic
 + Level 3.0 Invocations
 + Level 3.0 Evocations


You had 7 spell levels left.
You knew the following spells:

 Your Spells              Type           Power        Failure   Level  Hunger
a - Infusion              Chrm           ####         1%          1    None
b - Song of Slaying       Chrm           ####....     1%          2    None
c - Animate Skeleton      Necr           N/A          6%          1    None
d - Spectral Weapon       Hex/Chrm       ###.....     8%          3    ##.....
e - Apportation           Tloc           ###...       6%          1    None
r - Regeneration          Chrm/Necr      ###.......   8%          3    ##.....


Dungeon Overview and Level Annotations

Branches:
Dungeon (5/15)
 Temple: D:4-7

Altars:


Innate Abilities, Weirdness & Mutations

Your experience applies equally to all skills.
You have very sharp teeth.
Your uncanny sense of smell can sniff out nearby items.


Message History

* * * LOW HITPOINT WARNING * * *
You feel sick. The gnoll barely misses you.
The gnoll sergeant hits you from afar with a spear of venom.
* * * LOW HITPOINT WARNING * * *
You are more poisoned.
The phantom misses you.
Okay, then.
You closely miss the gnoll.
The gnoll is moderately wounded.
* * * LOW HITPOINT WARNING * * *
You feel sick.
Unknown command.
Casting: Regeneration
Confirm with . or Enter, or press ? or * to list all spells.
Your skin crawls.
You feel sick.
The gnoll sergeant hits you from afar with a spear of venom.
* * * LOW HITPOINT WARNING * * *
You are more poisoned.
The gnoll hits you with a club.
You die...

######).((.((#.###.##
# #....##)#.# ...#
#....##c#.### # ...#
##...##.#...#.# ...#
######.###.#.# ...#
#.###(..# ....
#.(.oo### #.###
#####W# #.# #@# #g#


ggY ..... ......# .......# .....$..# .........# You could see a phantom, an ice
beast, a gnoll sergeant, 2 gnolls and 2 orcs.

Vanquished Creatures
  Purgy (Sewer)
  An ice beast (D:4)
  2 ogres (D:4)
  A centaur (D:5)
  A scorpion (D:4)
  The ghost of p0werm0de the Magician, a weakling GnWz (D:3)
  A howler monkey (D:4)
  An orc priest (D:5)
  A centaur skeleton (D:4)
  A hound (D:4)
  An iguana (D:4)
  Natasha (twice) (D:2)
  2 orc wizards
  A worker ant (D:5)
  Terence (D:2)
  5 adders
  3 gnolls (D:3)
  An ooze (D:1)
  An adder skeleton (D:4)
  3 worms (D:2)
  4 dart slugs
  5 leopard geckos
  11 orcs
  A ball python (D:1)
  8 giant cockroaches
  5 goblins
  5 hobgoblins
  3 jackals (D:2)
  8 kobolds
  3 quokkas
  14 bats
  4 frilled lizards
  A quokka zombie (D:5)
  5 rats
108 creatures vanquished.

Vanquished Creatures (others)
  An ogre (D:5)
1 creature vanquished.

Grand Total: 109 creatures vanquished

Notes
Turn   | Place    | Note
-------+----------+-------------------------------------------
     0 | D:1      | kidcy the Gnoll Skald began the quest for the Orb.
     0 | D:1      | Reached XP level 1. HP: 20/20 MP: 6/6
   142 | D:1      | Reached XP level 2. HP: 20/26 MP: 4/7
   539 | D:1      | Reached XP level 3. HP: 31/31 MP: 9/9
   550 | D:1      | Reached skill level 5 in Spellcasting
   594 | D:1      | Learned a level 2 spell: Song of Slaying
   598 | D:1      | Learned a level 3 spell: Regeneration
   602 | D:1      | Learned a level 3 spell: Spectral Weapon
  1033 | D:2      | Noticed Terence
  1051 | D:2      | Killed Terence
  1051 | D:2      | Reached skill level 1 in Short Blades
  1051 | D:2      | Reached skill level 1 in Long Blades
  1051 | D:2      | Reached skill level 1 in Axes
  1051 | D:2      | Reached skill level 1 in Polearms
  1051 | D:2      | Reached skill level 1 in Staves
  1051 | D:2      | Reached skill level 1 in Slings
  1051 | D:2      | Reached skill level 1 in Bows
  1051 | D:2      | Reached skill level 1 in Crossbows
  1051 | D:2      | Reached skill level 1 in Throwing
  1051 | D:2      | Reached skill level 1 in Stealth
  1051 | D:2      | Reached skill level 1 in Shields
  1051 | D:2      | Reached skill level 1 in Unarmed Combat
  1051 | D:2      | Reached skill level 1 in Conjurations
  1051 | D:2      | Reached skill level 1 in Hexes
  1051 | D:2      | Reached skill level 1 in Summonings
  1051 | D:2      | Reached skill level 1 in Necromancy
  1051 | D:2      | Reached skill level 1 in Translocations
  1051 | D:2      | Reached skill level 1 in Transmutations
  1051 | D:2      | Reached skill level 1 in Fire Magic
  1051 | D:2      | Reached skill level 1 in Ice Magic
  1051 | D:2      | Reached skill level 1 in Air Magic
  1051 | D:2      | Reached skill level 1 in Earth Magic
  1051 | D:2      | Reached skill level 1 in Poison Magic
  1051 | D:2      | Reached skill level 1 in Invocations
  1051 | D:2      | Reached skill level 1 in Evocations
  1051 | D:2      | Reached XP level 4. HP: 30/38 MP: 10/11
  1236 | D:2      | Noticed Natasha
  1245 | D:2      | Killed Natasha
  1435 | D:2      | Reached XP level 5. HP: 43/43 MP: 12/12
  1540 | D:2      | Noticed Natasha
  1554 | D:2      | Killed Natasha
  1872 | D:3      | Noticed p0werm0de's ghost (weakling GnWz)
  1880 | D:3      | Killed p0werm0de's ghost
  1916 | D:3      | Found a glowing drain.
  1939 | Sewer    | Entered a sewer
  1969 | Sewer    | Noticed Purgy
  1981 | Sewer    | Killed Purgy
  1981 | Sewer    | Reached XP level 6. HP: 50/50 MP: 14/14
  2004 | Sewer    | Learned a level 1 spell: Animate Skeleton
  2006 | Sewer    | Learned a level 1 spell: Apportation
  2060 | D:3      | Reached skill level 5 in Fighting
  2060 | D:3      | Reached skill level 5 in Maces & Flails
  2060 | D:3      | Reached skill level 5 in Dodging
  2689 | D:4      | Reached XP level 7. HP: 48/56 MP: 15/15
  2851 | D:4      | Reached skill level 7 in Charms
  3277 | D:4      | Reached XP level 8. HP: 55/63 MP: 16/16
  3698 | D:5      | Entered Level 5 of the Dungeon
  4166 | D:5      | HP: 2/63 [gnoll sergeant/spear of venom (2)]
  4166 | D:5      | Slain by a gnoll

Vault maps used:
D:1:      dpeg_arrival_arbitrary_a
D:2:      st_stairs_3, uniq_terence, uniq_natasha
D:3:      portal_sewer_entry_d, serial_bayou_pond_b
D:5:      first_bread
Sewer:    sewer_big_baddie

Skill      XL: |  1  2  3  4  5  6  7  8 |
---------------+-------------------------+-----
Spellcasting   | 5 |  5.9
Short Blades   | 1 2 3 |  3.0
Long Blades    | 1 2 3 |  3.0
Axes           | 1 2 3 |  3.0
Polearms       | 1 2 3 |  3.0
Staves         | 1 2 3 |  3.0
Slings         | 1 2 3 |  3.0
Bows           | 1 2 3 |  3.0
Crossbows      | 1 2 3 |  3.0
Throwing       | 1 2 3 |  3.0
Stealth        | 1 2 3 |  3.0
Shields        | 1 2 3 |  3.0
Unarmed Combat | 1 2 3 |  3.0
Conjurations   | 1 2 3 |  3.0
Hexes          | 1 2 3 |  3.0
Summonings     | 1 2 3 |  3.0
Necromancy     | 1 2 3 |  3.0
Translocations | 1 2 3 |  3.0
Transmutations | 1 2 3 |  3.0
Fire Magic     | 1 2 3 |  3.0
Ice Magic      | 1 2 3 |  3.0
Air Magic      | 1 2 3 |  3.0
Earth Magic    | 1 2 3 |  3.0
Poison Magic   | 1 2 3 |  3.0
Invocations    | 1 2 3 |  3.0
Evocations     | 1 2 3 |  3.0
Armour         | 3 4 |  4.0
Fighting       | 5 |  5.5
Maces & Flails | 5 |  5.5
Dodging        | 5 |  5.5
Charms         | 7 |  7.2

Action                   |  1- 3 |  4- 6 |  7- 9 || total
-------------------------+-------+-------+-------++-------
Melee: Mace              |    20 |       |       ||    20
       Bite              |    13 |    13 |     5 ||    31
       Whip              |    46 |   169 |    83 ||   298
       Punch             |       |     2 |     1 ||     3
 Cast: Infusion          |     3 |     6 |     3 ||    12
       Regeneration      |     1 |     3 |     5 ||     9
Evoke: Wand              |       |     3 |     6 ||     9
  Use: Scroll            |       |    10 |     2 ||    12
       Potion            |       |       |    11 ||    11
 Stab: Sleeping          |       |     1 |     2 ||     3
       Confused          |       |     1 |       ||     1
  Eat: Chunk             |       |     6 |     5 ||    11
Armor: Leather armour    |     9 |       |       ||     9
       Ring mail         |     8 |    43 |    25 ||    76
Dodge: Dodged            |    37 |   121 |    64 ||   222

Table legend:
 A = Spawn XP
 B = Non-spawn XP
 C = Spawn XP percentage of total XP
 D = Spawn monster count
 E = Non-spawn monster count
 F = Spawn count percentage of total count
 G = Total turns spent on level
                    A         B        C        D         E        F      G
               +---------+---------+-------+---------+---------+-------+---------
         Total |       0 |    1455 |   0.0 |       0 |     108 |   0.0 |  4166
               +---------+---------+-------+---------+---------+-------+---------
           D:1 |       0 |      47 |   0.0 |       0 |      24 |   0.0 |   984
           D:2 |       0 |     159 |   0.0 |       0 |      20 |   0.0 |   871
           D:3 |       0 |     242 |   0.0 |       0 |      34 |   0.0 |   665
           D:4 |       0 |     623 |   0.0 |       0 |      13 |   0.0 |  1086
           D:5 |       0 |     244 |   0.0 |       0 |      11 |   0.0 |   468
         Sewer |       0 |     140 |   0.0 |       0 |       6 |   0.0 |    92
               +---------+---------+-------+---------+---------+-------+---------
